cohdb
Replays
Latest Replays
All Replays
Popular Replays
Top Player Replays
Match Explorer
How It Works
Community
CoH3 Stats
Reddit
Sign in to upload your games and track your stats! →
Sign in with Steam
Match 47512680
Unlisted
Match 47512680
Overview
Messages
Build Orders
End
Selects Special Operations Battlegroup
Selects M29 Weasel Recon Vehicle
M29 Weasel Recon Vehicle
Construct Weapon Support Center
M1919 Machine Gun Team
Bazooka Squad
Sniper
M1919 Machine Gun Team
Bazooka Squad
Mechanized Support Center
M3 Armored Personnel Carrier
M3 Armored Personnel Carrier
M3 Armored Personnel Carrier
M3 Armored Personnel Carrier
M3 Armored Personnel Carrier
Selects Mark Vehicle
Mark Vehicle
Selects UNKNOWN (2162291)
Engineer Squad
Selects Raiding Flares
Selects SSF Commando Squad
Mark Vehicle
lengfeng988
Sgt. Barnes
dad81ace
Bocchinoko
1º Fallschirm Pz Div ✠
system CNMD
Toki Asuma
Waifu
0
0
Comments
sign in to comment!
No comments posted yet!